 Dungeon Crawl Stone Soup version 0.24-a0-291-g79c1ce7 (webtiles) character file.

Game seed: 15940064208360519855

33 Mgcat the Skirmisher (level 3, -3/29 HPs)
             Began as a Mummy Monk on May 9, 2019.
             Slain by an adder (5 damage)
             ... on level 2 of the Dungeon.
             The game lasted 00:05:21 (3206 turns).

Mgcat the Skirmisher (Mummy Monk)                   Turns: 3206, Time: 00:05:22

Health: -3/29      AC:  1    Str: 15    XL:     3   Next: 12%
Magic:  3/3        EV: 13    Int:  9    God:
Gold:   33         SH:  0    Dex: 14    Spells: 2/2 levels left

rFire    x . .     SeeInvis .     - Unarmed
rCold    + . .     Gourm    .   (no shield)
rNeg     + + +     Faith    .   (no armour)
rPois    ∞         Spirit   .   (no helmet)
rElec    .         Reflect  .   (no cloak)
rCorr    .         Harm     .   a - +0 pair of gloves (curse)
MR       .....                  (no boots)
Stlth    ++........             (no amulet)
HPRegen  0.09/turn              (no ring)
MPRegen  0.08/turn              (no ring)

@: no status effects
A: no food or potions, fire vulnerability, cold resistance 1, negative energy
resistance 3, torment resistance, unbreathing
a: no special abilities


You were on level 2 of the Dungeon.
You were not hungry.

You visited 1 branch of the dungeon, and saw 2 of its levels.

You collected 33 gold pieces.

Inventory:

Armour
 a - a cursed +0 pair of gloves (worn)
   (You found it on level 2 of the Dungeon)


   Skills:
 + Level 3.4 Fighting
 - Level 2.4 Dodging
 + Level 2.2 Stealth
 + Level 2.8 Unarmed Combat


You had 2 spell levels left.
You didn't know any spells.
Your spell library was empty.

Dungeon Overview and Level Annotations

Branches:
Dungeon (2/15)

Altars:

Annotations:
D:2 Jessica, Natasha, Robin


Innate Abilities, Weirdness & Mutations

You do not eat or drink.
Your flesh is vulnerable to fire.
You are immune to poison.
Your flesh is cold resistant. (rC+)
You are immune to negative energy. (rN+++)
You are immune to unholy pain and torment.
You can survive without breathing.


Message History

Level annotation: Jessica, Natasha, Robin The goblin unwields a +0 hunting sling.
The goblin hits you. The goblin barely misses you.
There is a stone staircase leading up here.
You take 1 damage, and have 28/29 hp.
The goblin barely misses you.
You climb upwards.
There is a stone staircase leading down here.
You closely miss the goblin. The goblin closely misses you.
You hit the goblin.
The goblin is moderately wounded.
The goblin misses you.
You hit the goblin.
You kill the goblin!
No target in view!
No target in view!
No target in view!
Things that are here:
a +0 hunting sling; 3 stones; Health restored: 29 You see here a club.
There is a stone staircase leading down here.
You climb downwards.
Level annotation: Jessica, Natasha, Robin
There is a stone staircase leading up here.
There is an open door here.
There is an open door here.
An adder comes into view.
The adder hisses angrily.
The adder bites you.
You take 1 damage, and have 28/29 hp.
You closely miss the adder. The adder bites you.
You take 4 damage, and have 24/29 hp.
You completely miss the adder. The adder bites you. The adder misses you.
You take 4 damage, and have 20/29 hp.
You are too injured to fight recklessly!
You are too injured to fight recklessly!
You are too injured to fight recklessly!
You are too injured to fight recklessly!
You hit the adder.
The adder is lightly wounded.
The adder barely misses you.
You hit the adder.
The adder is moderately wounded.
The adder bites you.
You take 5 damage, and have 15/29 hp.
You miss the adder.
The adder is moderately wounded.
The adder bites you.
You miss the adder.
The adder is moderately wounded.
The adder bites you. The adder closely misses you.
You take 5 damage, and have 10/29 hp.
You closely miss the adder.
The adder is moderately wounded.
The adder misses you.
You barely miss the adder.
The adder is moderately wounded.
The adder barely misses you.
You hit the adder.
The adder is heavily wounded.
The adder closely misses you.
You closely miss the adder.
The adder is heavily wounded.
The adder closely misses you. x2
You hit the adder but do no damage.
The adder is heavily wounded.
The adder barely misses you.
You closely miss the adder.
The adder is heavily wounded.
The adder bites you.
* * * LOW HITPOINT WARNING * * *
You take 2 damage, and have 8/29 hp.
You closely miss the adder.
The adder is heavily wounded.
The adder completely misses you. The adder bites you.
* * * LOW HITPOINT WARNING * * *
You take 5 damage, and have 3/29 hp.
You closely miss the adder.
The adder is heavily wounded.
The adder misses you.
You hit the adder but do no damage.
The adder is heavily wounded.
The adder bites you but does no damage.
You aren't carrying any scrolls.
Unknown command.
You can't drink.
You hit the adder.
The adder is severely wounded.
The adder bites you.
* * * LOW HITPOINT WARNING * * *
You take 1 damage, and have 2/29 hp.
Unknown command.
You miss the adder.
The adder is severely wounded.
The adder misses you.
Unknown command.
You hit the adder.
The adder is almost dead.
The adder completely misses you. The adder bites you.
You die...

#.........!....#
#..........(...#
#..............#
#..............##
#................
######........<.......
#.........%...........
#........'############
#....@...## #
#....S...# #
#........# #
#........# #
#........# ...
#########. ... .. ...
.. ... ...


You could see an adder.

Vanquished Creatures
  2 giant cockroaches (D:1)
  8 goblins
  3 hobgoblins
  8 kobolds
  3 bats (D:1)
  3 frilled lizards
  4 rats
31 creatures vanquished.

Notes
Turn   | Place    | Note
-------+----------+-------------------------------------------
     0 | D:1      | Mgcat the Mummy Monk began the quest for the Orb.
     0 | D:1      | Reached XP level 1. HP: 18/18 MP: 1/1
   263 | D:1      | Reached XP level 2. HP: 23/24 MP: 2/2
   422 | D:1      | Reached skill level 2 in Stealth
  1298 | D:2      | Noticed Natasha
  1401 | D:2      | Noticed Jessica
  1461 | D:2      | Noticed Robin
  2174 | D:2      | Reached XP level 3. HP: 23/29 MP: 3/3
  2281 | D:1      | HP: 7/29 [goblin/cursed -2 club[Robin] (1)]
  3201 | D:2      | HP: 3/29 [adder (5)]
  3206 | D:2      | Slain by an adder

Levels and vault maps discovered:
D:1:      mainiacjoe_arrival_reflecting_pool, layout_basic
D:2:      layout_basic, minmay_misc_feat_square, uniq_natasha, uniq_robin,
          uniq_jessica

Skill      XL: |  1  2 |
---------------+-------+-----
Stealth        | 2 |  2.2
Fighting       | |  3.4
Dodging        | |  2.4
Unarmed Combat | |  2.8

Action                   || total
-------------------------++-------
Melee: Unarmed           ||   131
       Punch             ||     1
  Use: Scroll            ||     2
 Stab: Sleeping          ||     2
Armor: Robe              ||     3
       Skin              ||     1
Dodge: Dodged            ||   100

Table legend:
 A = Non-vault XP
 B = Vault XP
 C = Vault XP percentage of total XP
 D = Non-vault monster count
 E = Vault monster count
 F = Vault count percentage of total count
                 A         B        C        D         E       F
            +---------+---------+-------+---------+---------+-------
      Total |      43 |       5 |  10.4 |      28 |       3 |   9.7
            +---------+---------+-------+---------+---------+-------
        D:1 |      33 |       5 |  13.2 |      22 |       3 |  12.0
        D:2 |      10 |       0 |   0.0 |       6 |       0 |   0.0
            +---------+---------+-------+---------+---------+-------

Levels and vault maps discovered:
D:1:      mainiacjoe_arrival_reflecting_pool, layout_basic
D:2:      layout_basic, minmay_misc_feat_square, uniq_natasha, uniq_robin,
          uniq_jessica

Table legend:
 A = Turns spent in this place as a percentage of turns spent in the entire game.
 B = Non-inter-level travel turns spent in this place as a percentage of non-inter-level travel turns spent in the entire game.
 C = Inter-level travel turns spent in this place as a percentage of turns spent in this place.
 D = Turns resting spent in this place as a percentage of non-inter-level travel turns spent in this place.
 E = Turns spent auto-exploring this place as a percentage of non-inter-level travel turns spent in this place.
 F = Non-inter-level travel turns spent in this place divided by the number of levels of this place that you've seen.
                   A       B       C       D       E      F
               +-------+-------+-------+-------+-------+----------------------
         Total | 100.0 | 100.0 |   8.1 |  52.7 |  31.8 | 1473.0
       Dungeon | 100.0 | 100.0 |   8.1 |  52.7 |  31.8 | 1473.0
               +-------+-------+-------+-------+-------+----------------------

Table legend:
 A = Kills in this place as a percentage of kills in entire the game.
 B = Kills by you in this place as a percentage of kills by you in the entire game.
 C = Kills by friends in this place as a percentage of kills by friends in the entire game.
 D = Other kills in this place as a percentage of other kills in the entire game.
 E = Experience gained in this place as a percentage of experience gained in the entire game.
 F = Experience gained in this place divided by the number of levels of this place that you have seen.
                   A       B       C       D       E      F
               +-------+-------+-------+-------+-------+----------------------
         Total | 100.0 | 100.0 |   N/A |   N/A | 100.0 |  24.0
       Dungeon | 100.0 | 100.0 |   N/A |   N/A | 100.0 |  24.0
               +-------+-------+-------+-------+-------+----------------------
